 Dungeon Crawl Stone Soup version 0.28-b1-1-g3c77fb2ed1 (webtiles) character file.

Game seed: 8610562632290390654

239 LustLizard the Chopper (level 5, 0/47 HPs)
             Began as a Minotaur Berserker on Jan 30, 2022.
             Was a Believer of Trog.
             Slain by a jelly (1 damage)
             ... on level 3 of the Dungeon.
             The game lasted 00:03:33 (3211 turns).

LustLizard the Chopper (Minotaur Berserker)         Turns: 3211, Time: 00:03:34

Health: 0/47       AC: -12   Str: 21    XL:     5   Next: 79%
Magic:  4/4        EV: 12    Int:  6    God:    Trog [**....]
Gold:   127        SH:  0    Dex: 10    Spells: 4/4 levels left

rFire   . . .      SeeInvis .   a - +0 hand axe
rCold   . . .      Faith    .   (no shield)
rNeg    . . .      Spirit   .   b - +0 animal skin
rPois   .          Reflect  .   (helmet restricted)
rElec   .          Harm     .   (no cloak)
rCorr   .          Rampage  .   (no gloves)
Will    .....                   d - +0 pair of boots
Stlth   +.........              (no amulet)
HPRegen 0.15/turn               (no ring)
MPRegen 0.09/turn               (no ring)

@: corroded
A: horns 2, retaliatory headbutt
a: Renounce Religion, Berserk, Trog's Hand


You were on level 3 of the Dungeon.
You worshipped Trog.
Trog was pleased with you.
You visited 1 branch of the dungeon, and saw 3 of its levels.

You collected 127 gold pieces.

Inventory:

Hand Weapons
 a - a +0 hand axe (weapon)
Missiles
 c - 58 stones (quivered)
Armour
 b - a +0 animal skin (worn)
 d - a +0 pair of boots (worn)
Scrolls
 f - a scroll of teleportation {unknown}
 g - a scroll of magic mapping {unknown}
 i - a scroll of brand weapon {unknown}
Potions
 e - a potion of curing {unknown}
 h - a potion of degeneration {unknown}


   Skills:
 + Level 4.8 Fighting
 * Level 5.9 Axes
 * Level 3.1 Throwing
 - Level 2.4 Armour
 - Level 2.1 Dodging


You had 4 spell levels left.
You didn't know any spells.
Your spell library was empty.

Dungeon Overview and Level Annotations

Branches:
Dungeon (3/15)

Altars:
Dithmenos


Innate Abilities, Weirdness & Mutations

You have a pair of horns on your head.
You reflexively headbutt those who attack you in melee.


Message History

You throw a stone. The jelly quivers.
The stone hits the jelly.
The jelly is lightly wounded.
No target in view!
You throw a stone.
The stone hits the jelly but does no damage.
The jelly is lightly wounded.
You throw a stone. The stone hits the jelly.
The jelly is lightly wounded.
You throw a stone. The stone hits the jelly.
The jelly is moderately wounded.
You throw a stone. The stone hits the jelly.
The jelly is moderately wounded.
You throw a stone. The stone hits the jelly.
The jelly is heavily wounded.
You hit the jelly. The acid corrodes you!
Your hands burn!
You headbutt the jelly!
The jelly is severely wounded.
The jelly closely misses you. You furiously retaliate!
You headbutt the jelly. You hit the jelly. The acid corrodes you!
Your hands burn!
You headbutt the jelly, but do no damage.
The jelly is almost dead.
The jelly hits you. The acid corrodes you!
You are splashed with acid!
You barely miss the jelly. You headbutt the jelly.
The jelly is almost dead.
The jelly hits you. The acid corrodes you!
You are splashed with acid!
You are too injured to fight recklessly!
You are too injured to fight recklessly!
You hit the jelly but do no damage.
Your hands burn!
The jelly is almost dead.
The jelly hits you.
* * * LOW HITPOINT WARNING * * *
You are splashed with acid!
* * * LOW HITPOINT WARNING * * *
You hit the jelly. The acid corrodes you!
Your hands burn!
* * * LOW HITPOINT WARNING * * *
The jelly is almost dead.
The jelly hits you.
You die...

#...#....##.#o# ..# #.#.
#...#.......#.# ..### +...
.......######.. ....## #...
.......# .... .....# ###.
.......# .8o .... ######...
.......# ... ##.. .........
#####'#######..##.# .........
.......#....#.##..##.#.......#.#.
.......#..#+#.#.@J((((.(.........
............#..#####.#.........#.
............#..# # ........#.
............#..# .........
.#..#.#.#...#..#####.# .......#.
.#..#......>......... ###......
.#....#.#........##########...##.
....#.#.#.#......................
.................................


You could see a jelly.

Vanquished Creatures
  A centaur skeleton (D:3)
  An orc priest (D:3)
  Natasha (thrice) (D:2)
  An orc wizard (D:3)
  4 adders
  2 worms
  3 orcs (D:3)
  3 ball pythons
  2 bats
  3 endoplasms
  3 giant cockroaches
  A goblin (D:2)
  2 hobgoblins (D:1)
  2 jackals (D:3)
  3 quokkas
  2 frilled lizards
  A kobold (D:1)
  3 rats
40 creatures vanquished.

Vanquished Creatures (others)
  A plant (D:1)
1 creature vanquished.

Grand Total: 41 creatures vanquished

Notes
Turn   | Place    | Note
-------+----------+-------------------------------------------
     0 | D:1      | LustLizard the Minotaur Berserker began the quest for the
                  | Orb.
     0 | D:1      | Reached XP level 1. HP: 19/19 MP: 0/0
   258 | D:1      | Reached skill level 4 in Axes
   323 | D:1      | Reached XP level 2. HP: 10/27 MP: 1/1
  1607 | D:2      | Noticed Natasha
  1610 | D:2      | Reached skill level 1 in Throwing
  1610 | D:2      | Reached XP level 3. HP: 30/33 MP: 2/2
  1612 | D:2      | Killed Natasha
  1674 | D:2      | Noticed Natasha
  1683 | D:2      | Killed Natasha
  1684 | D:2      | Reached XP level 4. HP: 29/41 MP: 3/3
  1865 | D:2      | Reached skill level 5 in Axes
  1905 | D:2      | Reached ** piety under Trog
  2171 | D:2      | Noticed Natasha
  2178 | D:2      | Killed Natasha
  2472 | D:3      | Reached XP level 5. HP: 39/47 MP: 4/4
  3021 | D:3      | Found a shadowy altar of Dithmenos.
  3168 | D:3      | Found a faded altar of an unknown god.
  3211 | D:3      | HP: 1/47 [acid (3)]
  3211 | D:3      | Slain by a jelly

Illustrated notes

Levels and vault maps discovered:
D:1:      matt_arrival_refuge, layout_basic, serial_bayou_pond_a
D:2:      layout_loops_ring, uniq_natasha
D:3:      layout_basic, mainiacjoe_overflow_alcove_2, zin_treasury,
          shapermc_ecumenical_altar_mp_vishouse, grunt_ministairs_14

Skill      XL: |  1  2  3  4  5 |
---------------+----------------+-----
Axes           | 4 5 |  5.9
Fighting       | 4 |  4.8
Throwing       | 1 2 3 |  3.1
Armour         | |  2.4
Dodging        | |  2.1

Action                   |  1- 3 |  4- 6 || total
-------------------------+-------+-------++-------
Melee: Hand axe          |    59 |    61 ||   120
       Headbutt          |     7 |    12 ||    19
       Punch             |     1 |       ||     1
Throw: Stone             |       |    25 ||    25
Invok: Berserk           |       |     1 ||     1
Armor: Animal skin       |    11 |    15 ||    26
Dodge: Dodged            |    29 |    24 ||    53
